 Dungeon Crawl Stone Soup version 0.18.1-48-g4cf74bf (webtiles) character file.

322 atgrul the Conjurer (level 6, 0/52 HPs)
             Began as a Draconian Conjurer on Aug 21, 2016.
             Slain by an iguana (6 damage)
             ... on level 3 of the Dungeon on Aug 24, 2016.
             The game lasted 00:18:31 (4390 turns).

atgrul the Conjurer (Draconian Conjurer)            Turns: 4390, Time: 00:18:31

Health: 0/52       AC:  6    Str: 10    XL:     6   Next: 22%
Magic:  7/9        EV: 12    Int: 17    God:
Gold:   113        SH:  6    Dex: 12    Spells: 1 memorised, 8 levels left

rFire  . . .     SeeInvis .     h - +0 club
rCold  . . .     Gourm    .     (armour unavailable)
rNeg   . . .     Faith    .     (no shield)
rPois  .         Spirit   .     (helmet restricted)
rElec  .         Dismiss  .     (no cloak)
rCorr  .         Reflect  +     (no gloves)
SustAt .         Harm     .     (no boots)
MR     .....                    c - +6 amulet of reflection
Stlth  ++........               (no ring)
                                (no ring)

@: drained, not resistant to hostile enchantments, unstealthy
A: unfitting armour, cold-blooded, AC +6
a: no special abilities


You were on level 3 of the Dungeon.
You were not hungry.

You visited 1 branch of the dungeon, and saw 4 of its levels.

You collected 113 gold pieces.

Inventory:

Hand Weapons
 h - a +0 club (weapon)
Jewellery
 c - a +6 amulet of reflection (around neck)
 l - a +2 ring of dexterity {unknown}
 r - a +5 ring of intelligence {unknown}
Wands
 p - a wand of random effects (28/48)
Scrolls
 d - a scroll of random uselessness {unknown}
 e - a scroll of amnesia {unknown}
 f - 6 scrolls of identify {unknown}
 g - 2 scrolls of magic mapping {unknown}
 k - a scroll of recharging {unknown}
 n - 2 scrolls of remove curse {unknown}
 o - a scroll of enchant weapon {unknown}
 q - 2 scrolls of teleportation {unknown}
Potions
 i - 3 potions of curing {unknown}
 j - a potion of magic {unknown}
 m - a potion of might {unknown}
Books
 a - a book of Conjurations

   Spells                             Type                      Level
   a - Magic Dart                     Conjuration                  1
   b - Searing Ray                    Conjuration                  2
   c - Dazzling Spray                 Conjuration/Hexes            3
   d - Fulminant Prism                Conjuration/Hexes            4
   e - Iskenderun's Mystic Blast      Conjuration                  4
   f - Iskenderun's Battlesphere      Conjuration/Charms           5
Comestibles
 b - a bread ration


   Skills:
 * Level 4.0(3.5) Fighting
 - Level 0.2(0.0) Maces & Flails
 - Level 2.1(1.6) Dodging
 - Level 1.7(1.2) Stealth
 - Level 0.2(0.0) Unarmed Combat
 - Level 2.0(1.4) Spellcasting
 + Level 6.2(5.6) Conjurations


You had 8 spell levels left.
You knew the following spells:

 Your Spells              Type           Power        Failure   Level  Hunger
a - Magic Dart            Conj           ###.         2%          1    ##.....


Dungeon Overview and Level Annotations

Branches:
Dungeon (4/15)
 Temple: D:4-7

Altars:
Elyvilon
Gozag
Nemelex Xobeh
Okawaru
Pakellas
Ru


Innate Abilities, Weirdness & Mutations

Your plain brown scales are hard (AC +6).
Your body does not fit into most forms of armour.
You are cold-blooded and may be slowed by cold attacks.


Message History

The iguana bites you but does no damage.
Casting: Magic Dart
Confirm with . or Enter, or press ? or * to list all spells.
Aiming: Magic Dart
Press: ? - help, Shift-Dir - straight line, f - iguana
Aim: an iguana (heavily wounded)
The magic dart hits the iguana.
The iguana is heavily wounded.
The iguana hisses menacingly.
The iguana bites you!
* * * LOW HITPOINT WARNING * * *
Casting: Magic Dart
Confirm with . or Enter, or press ? or * to list all spells.
Aiming: Magic Dart
Press: ? - help, Shift-Dir - straight line, f/p - iguana
Aim: an iguana (heavily wounded)
The magic dart hits the iguana.
The iguana is heavily wounded.
The iguana bites you.
You die...

##PP.## ###.### #.
##≈8≈## #.# ## #######
#.# #._.# ##'## #...#
##...##
###'########.....## #
#........##.......## ##
#.#..>##.#.........####.
#......@l'.........'.[..
#.#...##.#.........####.
#.##.###.##.......## ##
#.##.###.###.....## #
#........# ##...## #
####)##### ##'## # #.#
##.# # #.# ##..#### #
#.#######⌠.⌠...### #


You could see an iguana.

Vanquished Creatures
  A crimson imp (D:3)
  3 orc wizards
  An orc priest (D:3)
  Ijyb (D:2)
  4 adders
  2 worms (D:2)
  6 dart slugs
  2 giant geckos (D:2)
  11 orcs
  7 bats
  6 giant cockroaches
  8 goblins
  10 hobgoblins
  4 quokkas
  2 ball pythons
  4 giant newts
  6 kobolds
  4 rats
82 creatures vanquished.

Vanquished Creatures (others)
  A manticore (D:3)
  A bush (D:3)
2 creatures vanquished.

Grand Total: 84 creatures vanquished

Notes
Turn   | Place    | Note
--------------------------------------------------------------
     0 | D:1      | atgrul the Draconian Conjurer began the quest for the Orb.
     0 | D:1      | Reached XP level 1. HP: 14/14 MP: 3/3
   316 | D:1      | Reached XP level 2. HP: 19/20 MP: 3/5
   850 | D:1      | Reached skill level 1 in Fighting
  1043 | D:2      | Noticed Ijyb
  1071 | D:2      | Reached XP level 3. HP: 28/28 MP: 2/6
  1659 | D:2      | Killed Ijyb
  1659 | D:2      | Reached skill level 5 in Conjurations
  1659 | D:2      | Reached XP level 4. HP: 9/36 MP: 0/7
  2000 | D:2      | Found a sacrificial altar of Ru.
  2002 | D:2      | Found an iron altar of Okawaru.
  2005 | D:2      | Found a white marble altar of Elyvilon.
  2162 | D:2      | Found an opulent altar of Gozag.
  2512 | D:3      | Noticed an ogre
  2896 | D:3      | Found a sparkling altar of Nemelex Xobeh.
  2923 | D:3      | Reached XP level 5. HP: 36/42 MP: 8/8
  2927 | D:3      | Found an oddly glowing altar of Pakellas.
  2932 | D:3      | Noticed a manticore
  2938 | D:3      | Killed a manticore
  3729 | D:3      | Reached skill level 6 in Conjurations
  3973 | D:3      | Reached XP level 6. HP: 41/52 MP: 2/9
  4390 | D:3      | Slain by an iguana

Skill      XL: |  1  2  3  4  5  6 |
---------------+-------------------+-----
Dodging        | 2 |  2.1
Fighting       | 1 2 3 4 |  4.0
Conjurations   | 5 6 |  6.2
Maces & Flails | |  0.2
Stealth        | |  1.7
Unarmed Combat | |  0.2
Spellcasting   | |  2.0

Action                   |  1- 3 |  4- 6 || total
-------------------------+-------+-------++-------
Melee: Unarmed           |    42 |       ||    42
       Club              |   149 |   178 ||   327
       Tailslap          |    27 |    17 ||    44
 Cast: Magic Dart        |    75 |    89 ||   164
 Stab: Sleeping          |     2 |     3 ||     5
       Distracted        |       |     1 ||     1
  Eat: Chunk             |     3 |     9 ||    12
       Beef jerky        |       |     1 ||     1
       Bread ration      |       |     1 ||     1
Armor: Skin              |    76 |    57 ||   133
Dodge: Dodged            |   119 |    97 ||   216
Block: Other             |    65 |    59 ||   124
       Reflection        |     1 |       ||     1
